 Dungeon Crawl Stone Soup version 0.29-a0-878-g7b45a56547 (webtiles) character file.

Game seed: 3699157134908717758

95 RBrandon the Trooper (level 4, -1/52 (53) HPs)
             Began as an Ogre Monk on July 20, 2022.
             Slain by a wight
             ... wielding a +0 dire flail
              (11 damage)
             ... on level 3 of the Dungeon.
             The game lasted 00:04:56 (2302 turns).

RBrandon the Trooper (Ogre Monk)                    Turns: 2302, Time: 00:04:57

HP:   -1/52 (53)    AC: 10    Str: 15    XL:     4   Next: 65%
MP:   0/4           EV: 10    Int: 11    God:
Gold: 93            SH:  0    Dex: 13    Spells: 0/3 levels left

rFire   . . .      SeeInvis .   o - +1 short sword (protect)
rCold   . . .      Faith    .   (no shield)
rNeg    . . .      Spirit   +   b - +0 robe
rPois   .          Reflect  .   (helmet restricted)
rElec   .          Harm     .   (no cloak)
rCorr   .          Rampage  .   (gloves unavailable)
Will    .....                   (boots unavailable)
Stlth   ++........              i - amulet of guardian spirit
HPRegen 0.17/turn               (no ring)
MPRegen 0.09/turn               (no ring)

@: under a protective aura, lightly drained
A: large, unfitting armour, tough skin 1
a: no special abilities


You were on level 3 of the Dungeon.
You visited 1 branch of the dungeon, and saw 3 of its levels.

You collected 93 gold pieces.

Inventory:

Hand Weapons
 a - a +0 mace
 o - a +1 short sword of protection (weapon)
   (You found it on level 2 of the Dungeon)
Missiles
 l - 2 javelins (quivered)
Armour
 b - a +0 robe (worn)
Jewellery
 i - an amulet of guardian spirit (around neck)
Wands
 s - a wand of roots (3)
Scrolls
 f - a scroll of noise {unknown}
 k - a scroll of fog {unknown}
 m - a scroll of teleportation {unknown}
 p - a scroll of enchant weapon {unknown}
 r - a scroll of vulnerability {unknown}
Potions
 c - a potion of flight
 d - a potion of attraction
 e - a potion of might
 g - 2 potions of magic
 h - a potion of berserk rage
 j - a potion of haste
 n - a potion of heal wounds {unknown}
 q - a potion of brilliance {unknown}


   Skills:
 + Level 6.9 Fighting
 - Level 2.6 Maces & Flails
 - Level 2.6 Dodging
 - Level 1.4 Stealth
 - Level 0.1 Poison Magic


You couldn't memorise any spells.
You knew the following spells:

 Your Spells              Type           Power      Damage    Failure   Level
a - Spider Form           Tmut/Pois      0%         N/A       71%         3

Your spell library contained the following spells:

 Spells                   Type           Power      Damage    Failure   Level
 Slow                     Hex            0%         N/A       34%         1
 Ensorcelled Hibernation  Hex/Ice        0%         N/A       47%         2
 Confusing Touch          Hex            0%         N/A       71%         3
 Vampiric Draining        Necr           0%         2d6       71%         3
 Anguish                  Hex/Necr       0%         N/A       98%         4


Dungeon Overview and Level Annotations

Branches:
Dungeon (3/15)

Altars:
Trog
Uskayaw


Innate Abilities, Weirdness & Mutations

You are too large for most types of armour.
You have tough skin. (AC +1)


Message History

Unknown command.
Unknown command.
Unknown command.
A rat comes into view.
An endoplasm comes into view.
Found a scale mail.
The helpless rat fails to defend itself.
You hit the rat.
Your weapon exudes an aura of protection.
You kill the rat!
Found a book of Geomancy.
You hit the endoplasm.
Your weapon exudes an aura of protection.
The endoplasm is heavily wounded.
The endoplasm freezes you.
You are frozen.
You hit the endoplasm.
You kill the endoplasm!
Found a puce potion.
Found a scroll labelled NUHURE KIJAM.
Found a bloodstained altar of Trog.
A wight comes into view. It is wielding a +0 halberd.
You see here 15 gold pieces. 2 wights come into view.
Found an escape hatch in the ceiling.
The wight hits you with a +0 halberd! The wight hits you with a +0 hand axe.
The wight hits you with a +0 dire flail!
You hit the wight.
Your weapon exudes an aura of protection.
The wight is lightly damaged.
The wight hits you with a +0 halberd.
* * * LOW HITPOINT WARNING * * *
You feel drained.
* * * LOW HITPOINT WARNING * * *
The wight misses you. The wight closely misses you.
The wight attacks as you move away! The wight closely misses you.
The wight hits you from afar with a +0 halberd!
* * * LOW HITPOINT WARNING * * *
The wight hits you with a +0 dire flail!
You die...

##......#............
...........#......#.....
#<...........###.#.......
.................#.#...#.
#..........<...........##
#........................
#..zz....................
#........................
#.....z.@.........##.....
.......zz................
.................##......
....#............##......
..........$..............
.........##..............
.........##....#.##.#.##.
..........+..............
.........##....#.###.....


You could see 5 wights.

Vanquished Creatures
  3 adders (D:2)
  3 gnolls (D:2)
  A worm (D:2)
  2 ball pythons
  4 endoplasms
  2 giant cockroaches (D:2)
  2 hobgoblins
  A quokka (D:2)
  5 bats
  A frilled lizard (D:2)
  4 goblins
  4 kobolds (D:2)
  5 rats
37 creatures vanquished.

Notes
Turn   | Place    | Note
-------+----------+-------------------------------------------
     0 | D:1      | RBrandon the Ogre Monk began the quest for the Orb.
     0 | D:1      | Reached XP level 1. HP: 24/24 MP: 1/1
   846 | D:2      | Reached XP level 2. HP: 31/33 MP: 2/2
   875 | D:2      | Identified the +1 ring mail of Indomitability {rN+}
   894 | D:2      | Reached skill level 5 in Fighting
   923 | D:2      | Reached XP level 3. HP: 42/42 MP: 3/3
   992 | D:2      | Reached skill level 6 in Fighting
  1371 | D:2      | Reached XP level 4. HP: 53/53 MP: 4/4
  1722 | D:2      | Found a hide-covered altar of Uskayaw.
  1941 | D:2      | Learned a level 3 spell: Spider Form
  2288 | D:3      | Found a bloodstained altar of Trog.
  2302 | D:3      | Slain by a wight

Illustrated notes

Levels and vault maps discovered:
D:1:      lemuel_arrival_room, layout_basic
D:2:      layout_basic, basic_altar
D:3:      layout_basic, nicolae_overflow_hidden_temple, uniq_pargi

Skill      XL: |  1  2  3 |
---------------+----------+-----
Fighting       | 5 6 |  6.9
Maces & Flails | |  2.6
Dodging        | |  2.6
Stealth        | |  1.4
Poison Magic   | |  0.1

Action                   |  1- 3 |  4- 6 || total
-------------------------+-------+-------++-------
Melee: Mace              |    20 |       ||    20
       Short sword       |    78 |    55 ||   133
       Punch             |     1 |     1 ||     2
  Use: Potion            |     2 |       ||     2
       Scroll            |       |     5 ||     5
 Stab: Sleeping          |     3 |     3 ||     6
Armor: Robe              |    46 |    17 ||    63
Dodge: Dodged            |    57 |    38 ||    95

Table legend: (Time is in decaauts)
 A = Elapsed time spent in this place.
 B = Non-inter-level travel time spent in this place.
 C = Inter-level travel time spent in this place.
 D = Time resting spent in this place.
 E = Time spent auto-exploring this place.
 F = Levels seen in this place.
 G = Mean time per level.
                   A        B        C        D        E       F      G
               +--------+--------+--------+--------+--------+-----+--------+
         Total |   2319 |   2203 |    116 |    289 |   1281 |   3 |  773.0 |
       Dungeon |   2319 |   2203 |    116 |    289 |   1281 |   3 |  773.0 |
               +--------+--------+--------+--------+--------+-----+--------+

Top non-repeatable levels by time:
     D:2: 1255 daAuts
     D:1: 761 daAuts
     D:3: 302 daAuts

Table legend:
 A = Kills in this place as a percentage of kills in entire the game.
 B = Kills by you in this place as a percentage of kills by you in the entire game.
 C = Kills by friends in this place as a percentage of kills by friends in the entire game.
 D = Other kills in this place as a percentage of other kills in the entire game.
 E = Experience gained in this place as a percentage of experience gained in the entire game.
 F = Experience gained in this place divided by the number of levels of this place that you have seen.
                   A       B       C       D       E      F
               +-------+-------+-------+-------+-------+----------------------
         Total | 100.0 | 100.0 |   N/A |   N/A | 100.0 |  45.3
       Dungeon | 100.0 | 100.0 |   N/A |   N/A | 100.0 |  45.3
               +-------+-------+-------+-------+-------+----------------------
